Admirals NSH vs Griffins

Created - Monday, October 12, 2015 at 00:18

Goals
1 2 3 OT1 SO T
Admirals NSH 0 0 0 0 1 1
Griffins 0 0 0 0 0 0
Shots
1 2 3 OT1 SO T
Admirals NSH 9 2 8 0 3 19
Griffins 6 2 4 3 3 15

1st period

No Goal

Penalties :
Mark Mancari (GRG) for Fighting (Major) at 0:45, Pierre-Cedric Labrie (MIL) for Fighting (Major) at 0:45, Mark Mancari (GRG) for instigated a fight (Minor) at 0:45, Mark Mancari (GRG) for instigated a fight (10 Minutes Misconduct) at 0:45, Oliver Lauridsen (MIL) for Roughing (Minor) at 3:30, Peter Regin (GRG) for Elbowing (Minor) at 11:16

2nd period

No Goal

Penalties :
No Penalty

3rd period

No Goal

Penalties :
Jared Staal (GRG) for Fighting (Major) at 1:53, Pierre-Cedric Labrie (MIL) for Fighting (Major) at 1:53, Pierre-Cedric Labrie (MIL) for instigated a fight (Minor) at 1:53, Pierre-Cedric Labrie (MIL) for instigated a fight (10 Minutes Misconduct) at 1:53, Scott Valentine (GRG) for Hooking (Minor) at 4:15

Overtime #1

No Goal

Penalties :
Jay Rosehill (GRG) for Tripping (Minor) at 2:03

Shootout

Penalty Shot by Andrew Desjardins for Admirals NSH - Stopped by Peter Budaj
Penalty Shot by William Nylander for Griffins - Shot Misses the Net
Penalty Shot by Mike Blunden for Admirals NSH - Stopped by Peter Budaj
Penalty Shot by Zac Rinaldo for Griffins - Shot Misses the Net
Penalty Shot by Brody Sutter for Admirals NSH - Goal!
Penalty Shot by Peter Regin for Griffins - Stopped by Chad Johnson

Penalties :
No Penalty

Goalie Stats

Chad Johnson (MIL), 15 saves from 15 shots - (1.000), W, 2-1-0, 65:00 minutes
Peter Budaj (GRG), 19 saves from 19 shots - (1.000), OTL, 0-0-1, 65:00 minutes

Players Stats for Admirals NSH

Player Name              G  A  P  +/- PIM S  H  SB GA TA FO     MP     PP MP  PK MP  
------------------------------------------------------------------------------------
Allan McPherson          0  0  0   0  0   0  1  0  0  0  0/2    15:58   0:53   2:11 
Andrew Desjardins        0  0  0   0  0   4  4  0  4  0  5/10   22:25   2:25   1:47 
Ben Sexton               0  0  0   0  0   0  2  0  0  0  0/4    11:47   0:00   0:00 
Brad Winchester          0  0  0   0  0   1  6  0  3  0  0/0    18:15   0:28   0:29 
Brian Lashoff            0  0  0   0  0   1  0  0  0  4  0/0    25:56   2:38   1:23 
Brody Sutter             0  0  0   0  0   0  1  0  0  0  3/7    20:57   2:50   1:34 
Cameron Schilling        0  0  0   0  0   0  0  1  1  0  0/0     7:50   0:00   0:00 
Frazer McLaren           0  0  0   0  0   2  5  0  1  1  0/0    17:12   2:09   0:00 
Fredrik Claesson         0  0  0   0  0   0  1  1  0  1  0/0    22:37   3:19   2:35 
Jyrki Jokipakka          0  0  0   0  0   5  0  0  1  1  0/0    19:03   2:38   1:23 
Michael Pelech           0  0  0   0  0   1  6  0  0  0  1/1    17:41   2:17   0:00 
Mike Blunden             0  0  0   0  0   1  2  0  0  1  1/1    22:53   2:39   1:55 
Nikita Nesterov          0  0  0   0  0   3  3  1  1  3  0/0    23:08   3:19   2:35 
Oliver Lauridsen         0  0  0   0  2   0  2  0  0  0  0/0    16:51   0:00   0:00 
Patrick Mullen           0  0  0   0  0   0  1  0  0  0  0/0    16:24   0:00   0:00 
Paul Bissonnette         0  0  0   0  0   0  0  1  0  0  0/0     5:05   0:00   0:00 
Pierre-Cedric Labrie     0  0  0   0  22  0  2  0  1  0  1/1    15:04   0:52   0:00 
Wade Megan               0  0  0   0  0   1  1  0  0  1  1/5    16:53   3:18   0:00 

Players Stats for Griffins

Player Name              G  A  P  +/- PIM S  H  SB GA TA FO     MP     PP MP  PK MP  
------------------------------------------------------------------------------------
Adam Payerl              0  0  0   0  0   0  0  0  0  0  1/1     4:22   0:00   0:00 
Corey Trivino            0  0  0   0  0   0  2  0  0  0  1/4    12:52   0:12   0:56 
Dylan Reese              0  0  0   0  0   0  0  1  0  0  0/0     1:12   0:00   0:00 
Jared Staal              0  0  0   0  5   0  1  0  1  0  1/1    14:41   0:12   0:00 
Jay Rosehill             0  0  0   0  2   0  1  1  1  1  1/1    12:37   0:00   1:37 
John McFarland           0  0  0   0  0   5  3  2  1  0  1/1    17:51   0:48   0:00 
Mark Alt                 0  0  0   0  0   0  4  3  0  0  0/0    27:07   3:06   4:45 
Mark Mancari             0  0  0   0  17  0  0  0  0  0  1/1    15:22   1:02   1:20 
Matt Taormina            0  0  0   0  0   0  1  3  1  1  0/0    27:07   3:06   4:45 
Mike Angelidis           0  0  0   0  0   0  4  0  3  1  0/0    17:55   2:02   0:19 
Mike Keenan              0  0  0   0  0   0  0  2  0  0  0/0    15:24   0:00   0:00 
Peter Regin              0  0  0   0  2   3  2  3  4  2  6/8    21:33   1:56   2:20 
Robert Hagg              0  0  0   0  0   0  0  3  0  1  0/0    22:29   0:52   3:11 
Scott Valentine          0  0  0   0  2   0  2  0  0  0  0/0    16:05   0:00   0:00 
T.J. Hensick             0  0  0   0  0   2  1  0  1  0  6/10   20:08   1:50   1:42 
Taylor Aronson           0  0  0   0  0   1  2  2  1  0  0/0    22:29   0:52   3:11 
William Nylander         0  0  0   0  0   3  0  0  1  0  1/3    21:01   1:56   2:44 
Zac Rinaldo              0  0  0   0  0   1  1  1  2  0  0/1    21:44   1:56   2:55 

3 Stars

1 - Peter Budaj (GRG)
2 - Chad Johnson (MIL)
3 - Michael Pelech (MIL)

Power Play

Admirals NSH - 0 on 4 Attempt(s) - 0.00%
Griffins - 0 on 2 Attempt(s) - 0.00%

Penalty Kill

Admirals NSH - 2 on 2 Attempt(s) - 100.00% - Score 0 goal in Penalty Kill
Griffins - 4 on 4 Attempt(s) - 100.00% - Score 0 goal in Penalty Kill

Team Stat

Admirals NSH - Hits : 37 - Faceoff Wins : 12 - Blocked Shots : 4 - Penalty Minutes : 24
Griffins - Hits : 24 - Faceoff Wins : 19 - Blocked Shots : 21 - Penalty Minutes : 28

Official

Referees : Unknown
Linesman : Unknown

Game Notes

Mark Mancari beats up Pierre-Cedric Labrie at 0:45 of 1st period
Jared Staal and Pierre-Cedric Labrie fight to a draw at 1:53 of 3rd period
2:13 of 3rd period - Admirals NSH goal is going for a video replay. After video review, No Goal. The puck has been directed, batted or thrown into the net by an attacking player other than with a stick.

Finance

Level 1 -- Attendance: 1596 (79.80%) -- Ticket Income $55,860
Level 2 -- Attendance: 803 (80.30%) -- Ticket Income $12,045
Total Attendance: 2399 (79.97%)
Total Ticket Income: $67,905
Other Income: $33,273
Total Income: $101,178

Admirals NSH

5 vs 5 Forward 
   Center                   Left Wing                Right Wing               Time % Phy DF OF 
 1 Andrew Desjardins        Mike Blunden             Michael Pelech           27     0   5  0  
 2 Brody Sutter             Pierre-Cedric Labrie     Brad Winchester          27     0   5  0  
 3 Wade Megan               Frazer McLaren           Andrew Desjardins        27     5   0  0  
 4 Ben Sexton               Andrew Desjardins        Mike Blunden             19     5   0  0  

5 vs 5 Defense 
   Defense                  Defense                                           Time % Phy DF OF 
 1 Brian Lashoff            Jyrki Jokipakka                                   27     0   5  0  
 2 Nikita Nesterov          Fredrik Claesson                                  27     0   5  0  
 3 Oliver Lauridsen         Patrick Mullen                                    27     0   5  0  
 4 Cameron Schilling        Brian Lashoff                                     19     0   5  0  

PowerPlay Forward 
   Center                   Left Wing                Right Wing               Time % Phy DF OF 
 1 Andrew Desjardins        Mike Blunden             Michael Pelech           50     0   0  5  
 2 Brody Sutter             Pierre-Cedric Labrie     Wade Megan               50     0   1  4  

PowerPlay Defense
   Defense                  Defense                                           Time % Phy DF OF 
 1 Brian Lashoff            Jyrki Jokipakka                                   50     0   1  4  
 2 Nikita Nesterov          Fredrik Claesson                                  50     0   1  4  

Penalty Kill 4 Players Forward 
   Center                   Wing                     Time % Phy DF OF 
 1 Andrew Desjardins        Mike Blunden             50     0   5  0  
 2 Brody Sutter             Pierre-Cedric Labrie     50     0   5  0  

Penalty Kill 4 Players Defense
   Defense                  Defense                  Time % Phy DF OF 
 1 Brian Lashoff            Jyrki Jokipakka          50     0   5  0  
 2 Nikita Nesterov          Fredrik Claesson         50     0   5  0  

Penalty Kill - 3 Players Forward 
   Forward                                           Time % Phy DF OF 
 1 Andrew Desjardins                                 50     0   5  0  
 2 Mike Blunden                                      50     0   5  0  

Penalty Kill - 3 Players Defense
   Defense                  Defense                  Time % Phy DF OF 
 1 Brian Lashoff            Jyrki Jokipakka          50     0   5  0  
 2 Nikita Nesterov          Fredrik Claesson         50     0   5  0  

4 vs 4 Forward 
   Center                   Wing                     Time % Phy DF OF 
 1 Andrew Desjardins        Mike Blunden             50     0   5  0  
 2 Brody Sutter             Pierre-Cedric Labrie     50     0   5  0  

4 vs 4 Defense
   Defense                  Defense                  Time % Phy DF OF 
 1 Brian Lashoff            Jyrki Jokipakka          50     0   4  1  
 2 Nikita Nesterov          Fredrik Claesson         50     0   4  1  

Last Minutes Offensive
   Center                   Left Wing                Right Wing               Defense                  Defense                  
   Andrew Desjardins        Mike Blunden             Michael Pelech           Brian Lashoff            Jyrki Jokipakka          

Last Minutes Defensive
   Center                   Left Wing                Right Wing               Defense                  Defense                  
   Andrew Desjardins        Mike Blunden             Michael Pelech           Brian Lashoff            Jyrki Jokipakka          

Goaltenders
Starting : Chad Johnson             
Backup : Johan Gustafsson         

Extra Forwards
Normal : Wade Megan, Frazer McLaren, Allan McPherson - PP : Wade Megan, Frazer McLaren - PK : Allan McPherson
Extra Defensemen
Normal : Oliver Lauridsen, Patrick Mullen, Cameron Schilling - PP : Oliver Lauridsen - PK : Patrick Mullen, Cameron Schilling
Penalty Shots
Andrew Desjardins, Mike Blunden, Brody Sutter, Pierre-Cedric Labrie, Michael Pelech

Griffins

5 vs 5 Forward 
   Center                   Left Wing                Right Wing               Time % Phy DF OF 
 1 Peter Regin              William Nylander         Zac Rinaldo              35     1   2  2  
 2 T.J. Hensick             Mike Angelidis           Mark Mancari             30     1   2  2  
 3 William Nylander         Zac Rinaldo              John McFarland           22     1   2  2  
 4 Peter Regin              T.J. Hensick             Jared Staal              13     1   2  2  

5 vs 5 Defense 
   Defense                  Defense                                           Time % Phy DF OF 
 1 Matt Taormina            Mark Alt                                          35     1   2  2  
 2 Taylor Aronson           Robert Hagg                                       30     1   2  2  
 3 Scott Valentine          Mike Keenan                                       22     1   2  2  
 4 Matt Taormina            Mark Alt                                          13     1   2  2  

PowerPlay Forward 
   Center                   Left Wing                Right Wing               Time % Phy DF OF 
 1 Peter Regin              William Nylander         Zac Rinaldo              60     1   2  2  
 2 T.J. Hensick             Mike Angelidis           Mark Mancari             40     1   2  2  

PowerPlay Defense
   Defense                  Defense                                           Time % Phy DF OF 
 1 Matt Taormina            Mark Alt                                          60     1   2  2  
 2 Taylor Aronson           Robert Hagg                                       40     1   2  2  

Penalty Kill 4 Players Forward 
   Center                   Wing                     Time % Phy DF OF 
 1 Mark Mancari             Zac Rinaldo              60     1   2  2  
 2 Peter Regin              T.J. Hensick             40     1   2  2  

Penalty Kill 4 Players Defense
   Defense                  Defense                  Time % Phy DF OF 
 1 Matt Taormina            Mark Alt                 60     1   2  2  
 2 Taylor Aronson           Robert Hagg              40     1   2  2  

Penalty Kill - 3 Players Forward 
   Forward                                           Time % Phy DF OF 
 1 Peter Regin                                       60     1   2  2  
 2 Zac Rinaldo                                       40     1   2  2  

Penalty Kill - 3 Players Defense
   Defense                  Defense                  Time % Phy DF OF 
 1 Matt Taormina            Mark Alt                 60     1   2  2  
 2 Taylor Aronson           Robert Hagg              40     1   2  2  

4 vs 4 Forward 
   Center                   Wing                     Time % Phy DF OF 
 1 John McFarland           Zac Rinaldo              60     1   2  2  
 2 Peter Regin              T.J. Hensick             40     1   2  2  

4 vs 4 Defense
   Defense                  Defense                  Time % Phy DF OF 
 1 Matt Taormina            Mark Alt                 60     1   2  2  
 2 Taylor Aronson           Robert Hagg              40     1   2  2  

Last Minutes Offensive
   Center                   Left Wing                Right Wing               Defense                  Defense                  
   Peter Regin              T.J. Hensick             Zac Rinaldo              Matt Taormina            Mark Alt                 

Last Minutes Defensive
   Center                   Left Wing                Right Wing               Defense                  Defense                  
   Peter Regin              T.J. Hensick             Zac Rinaldo              Matt Taormina            Mark Alt                 

Goaltenders
Starting : Peter Budaj              
Backup : Anton Forsberg           

Extra Forwards
Normal : Zac Rinaldo, John McFarland, William Nylander - PP : Zac Rinaldo, John McFarland - PK : William Nylander
Extra Defensemen
Normal : Scott Valentine, Mike Keenan, Taylor Aronson - PP : Scott Valentine - PK : Mike Keenan, Taylor Aronson
Penalty Shots
William Nylander, Zac Rinaldo, Peter Regin, T.J. Hensick, Mark Mancari

% Time on Ice - Admirals NSH

Lines # - Real PCT - Wanted PCT - Time Play
Normal Forward
1 - 18% - 27% - 9:08
2 - 36% - 27% - 18:12
3 - 22% - 27% - 10:59
4 - 23% - 19% - 11:46
Normal Defense
1 - 24% - 27% - 12:09
2 - 29% - 27% - 14:36
3 - 32% - 27% - 16:00
4 - 15% - 19% - 7:20
PP Forward
1 - 45% - 50% - 2:39
2 - 55% - 50% - 3:18
PP Defense
1 - 44% - 50% - 2:38
2 - 56% - 50% - 3:19
PK Forward
1 - 48% - 50% - 1:55
2 - 52% - 50% - 2:03
PK Defense
1 - 35% - 50% - 1:23
2 - 65% - 50% - 2:35
PK3 Forward
1 - 0% - 50%
2 - 0% - 50%
PK3 Defense
1 - 0% - 50%
2 - 0% - 50%
44 Forward
1 - 48% - 50% - 2:24
2 - 52% - 50% - 2:36
44 Defense
1 - 58% - 50% - 2:53
2 - 42% - 50% - 2:07
Last Minute Offensive  - 0:00
Last Minute Defensive  - 0:00
Total
Forward - 65:00
Defense - 65:00

% Time on Ice - Griffins

Lines # - Real PCT - Wanted PCT - Time Play
Normal Forward
1 - 20% - 35% - 10:13
2 - 37% - 30% - 18:30
3 - 22% - 22% - 10:52
4 - 21% - 13% - 10:30
Normal Defense
1 - 30% - 35% - 15:14
2 - 34% - 30% - 17:07
3 - 31% - 22% - 15:24
4 - 5% - 13% - 2:20
PP Forward
1 - 49% - 60% - 1:56
2 - 51% - 40% - 2:02
PP Defense
1 - 78% - 60% - 3:06
2 - 22% - 40% - 0:52
PK Forward
1 - 85% - 60% - 5:05
2 - 15% - 40% - 0:52
PK Defense
1 - 46% - 60% - 2:46
2 - 54% - 40% - 3:11
PK3 Forward
1 - 100% - 60% - 1:59
2 - 0% - 40% - 0:00
PK3 Defense
1 - 100% - 60% - 1:59
2 - 0% - 40% - 0:00
44 Forward
1 - 100% - 60% - 3:01
2 - 0% - 40% - 0:00
44 Defense
1 - 56% - 60% - 1:42
2 - 44% - 40% - 1:19
Last Minute Offensive  - 0:00
Last Minute Defensive  - 0:00
Total
Forward - 65:00
Defense - 65:00

Play by Play

1st period


0:01 of 1st period - Peter Regin wins face-off versus Andrew Desjardins in neutral zone.
0:24 of 1st period - Wrist shot by Peter Regin.
0:24 of 1st period - Shot Misses the Net.
0:26 of 1st period - Wrist shot by Zac Rinaldo.
0:26 of 1st period - Deflect By William Nylander.
0:26 of 1st period - Stopped by Chad Johnson with a rebound.
0:28 of 1st period - Slapshot by Zac Rinaldo.
0:28 of 1st period - Shot Misses the Net.
0:30 of 1st period - Wrist shot by William Nylander.
0:30 of 1st period - Stopped by Chad Johnson without a rebound.
0:31 of 1st period - Pierre-Cedric Labrie wins face-off versus T.J. Hensick in Admirals NSH zone.
0:45 of 1st period - Mark Mancari beats up Pierre-Cedric Labrie.
0:45 of 1st period - Penalty to Mark Mancari for Fighting.
0:45 of 1st period - Penalty to Pierre-Cedric Labrie for Fighting.
0:45 of 1st period - Penalty to Mark Mancari for instigated a fight.
0:45 of 1st period - Penalty to Mark Mancari for instigated a fight.
0:46 of 1st period - William Nylander wins face-off versus Andrew Desjardins in Griffins zone.
0:55 of 1st period - Mark Alt is hit by Michael Pelech and loses puck.
1:08 of 1st period - Wrist shot by Andrew Desjardins.
1:08 of 1st period - Shot Misses the Net.
1:10 of 1st period - Snap shot by Jyrki Jokipakka.
1:10 of 1st period - Shot Misses the Net.
1:34 of 1st period - Slapshot by Jyrki Jokipakka.
1:34 of 1st period - Shot Blocked by Mark Alt.
1:36 of 1st period - Slapshot by Nikita Nesterov.
1:36 of 1st period - Shot Blocked by Matt Taormina.
1:38 of 1st period - Wrist shot by Nikita Nesterov.
1:38 of 1st period - Shot Blocked by Mark Alt.
2:00 of 1st period - Slapshot by Nikita Nesterov.
2:00 of 1st period - Deflect By Zac Rinaldo.
2:00 of 1st period - Stopped by Peter Budaj with a rebound.
2:19 of 1st period - Off-side.
2:20 of 1st period - Brody Sutter wins face-off versus Corey Trivino in neutral zone.
2:35 of 1st period - Snap shot by Peter Regin.
2:35 of 1st period - Stopped by Chad Johnson with a rebound.
2:45 of 1st period - Penalty to Mark Mancari is over, William Nylander is send on ice.
3:10 of 1st period - Patrick Mullen is hit by T.J. Hensick and loses puck.
3:30 of 1st period - Minor Penalty to Oliver Lauridsen for Roughing.
3:31 of 1st period - Peter Regin wins face-off versus Brody Sutter in Admirals NSH zone.
4:46 of 1st period - William Nylander is hit by Andrew Desjardins and loses puck.
5:06 of 1st period - Snap shot by Mike Angelidis.
5:06 of 1st period - Deflect By John McFarland.
5:06 of 1st period - Stopped by Chad Johnson with a rebound.
5:30 of 1st period - Penalty to Oliver Lauridsen is over, Oliver Lauridsen is back on ice.
5:37 of 1st period - Oliver Lauridsen is hit by Taylor Aronson and loses puck.
7:14 of 1st period - Jyrki Jokipakka is hit by Scott Valentine and loses puck.
7:40 of 1st period - Andrew Desjardins is hit by John McFarland and loses puck.
9:05 of 1st period - Snap shot by William Nylander.
9:05 of 1st period - Stopped by Chad Johnson with a rebound.
9:07 of 1st period - Snap shot by Mike Angelidis.
9:07 of 1st period - Shot Blocked by Fredrik Claesson.
9:39 of 1st period - Snap shot by Peter Regin.
9:39 of 1st period - Stopped by Chad Johnson with a rebound.
10:01 of 1st period - Snap shot by Jay Rosehill.
10:01 of 1st period - Shot Misses the Net.
11:16 of 1st period - Minor Penalty to Peter Regin for Elbowing.
11:17 of 1st period - Brody Sutter wins face-off versus Corey Trivino in Griffins zone.
11:17 of 1st period - Slapshot by Brian Lashoff.
11:17 of 1st period - Stopped by Peter Budaj without a rebound.
11:18 of 1st period - Brody Sutter wins face-off versus Corey Trivino in Griffins zone.
12:42 of 1st period - T.J. Hensick is hit by Frazer McLaren and loses puck.
13:03 of 1st period - Taylor Aronson is hit by Nikita Nesterov and loses puck.
13:16 of 1st period - Penalty to Peter Regin is over, Peter Regin is back on ice.
13:22 of 1st period - Brian Lashoff is hit by Corey Trivino and loses puck.
14:18 of 1st period - Wrist shot by Peter Regin.
14:18 of 1st period - Shot Blocked by Paul Bissonnette.
14:20 of 1st period - Snap shot by Peter Regin.
14:20 of 1st period - Shot Misses the Net.
14:44 of 1st period - Brad Winchester is hit by Scott Valentine and loses puck.
15:27 of 1st period - Snap shot by Andrew Desjardins.
15:27 of 1st period - Stopped by Peter Budaj with a rebound.
15:29 of 1st period - Wrist shot by Andrew Desjardins.
15:29 of 1st period - Stopped by Peter Budaj without a rebound.
15:30 of 1st period - Peter Regin wins face-off versus Andrew Desjardins in Griffins zone.
15:45 of 1st period - 10 Minutes Misconduct Penalty to Mark Mancari is over.
15:49 of 1st period - Slapshot by Wade Megan.
15:49 of 1st period - Stopped by Peter Budaj with a rebound.
15:59 of 1st period - Wrist shot by Andrew Desjardins.
15:59 of 1st period - Stopped by Peter Budaj without a rebound.
16:00 of 1st period - Andrew Desjardins wins face-off versus William Nylander in Griffins zone.
16:22 of 1st period - Zac Rinaldo is hit by Mike Blunden and loses puck.
16:35 of 1st period - Mike Angelidis is hit by Brody Sutter and loses puck.
16:46 of 1st period - Slapshot by Jyrki Jokipakka.
16:46 of 1st period - Deflect By Brad Winchester.
16:46 of 1st period - Shot Hit the Post.
16:46 of 1st period - Puck is out of play.
16:47 of 1st period - Corey Trivino wins face-off versus Brody Sutter in Griffins zone.
16:47 of 1st period - Corey Trivino is hit by Pierre-Cedric Labrie.
17:13 of 1st period - Mike Keenan is hit by Frazer McLaren.
18:20 of 1st period - Slapshot by Andrew Desjardins.
18:20 of 1st period - Stopped by Peter Budaj with a rebound.
18:22 of 1st period - Wrist shot by Andrew Desjardins.
18:22 of 1st period - Shot Blocked by Matt Taormina.
18:36 of 1st period - Zac Rinaldo is hit by Oliver Lauridsen and loses puck.
19:24 of 1st period - Slapshot by Nikita Nesterov.
19:24 of 1st period - Deflect By Mark Mancari.
19:24 of 1st period - Stopped by Peter Budaj with a rebound.
19:26 of 1st period - Snap shot by Nikita Nesterov.
19:26 of 1st period - Shot Blocked by Robert Hagg.
19:28 of 1st period - Snap shot by Nikita Nesterov.
19:28 of 1st period - Stopped by Peter Budaj with a rebound.
19:30 of 1st period - Slapshot by Michael Pelech.
19:30 of 1st period - Shot Misses the Net.
19:32 of 1st period - Slapshot by Nikita Nesterov.
19:32 of 1st period - Shot Misses the Net.
Goals for this period are 0 for Admirals NSH vs 0 for Griffins.
Shots for this period are 9 for Admirals NSH vs 6 for Griffins.

2nd period


0:01 of 2nd period - Andrew Desjardins wins face-off versus Zac Rinaldo in neutral zone.
0:23 of 2nd period - Slapshot by Andrew Desjardins.
0:23 of 2nd period - Shot Misses the Net.
1:34 of 2nd period - Taylor Aronson is hit by Brad Winchester.
1:52 of 2nd period - T.J. Hensick is hit by Andrew Desjardins and loses puck.
2:03 of 2nd period - Peter Regin is hit by Frazer McLaren and loses puck.
2:24 of 2nd period - Wrist shot by Zac Rinaldo.
2:24 of 2nd period - Shot Misses the Net.
2:48 of 2nd period - Snap shot by Mike Angelidis.
2:48 of 2nd period - Shot Misses the Net.
3:06 of 2nd period - Frazer McLaren is hit by John McFarland and loses puck.
3:11 of 2nd period - Snap shot by Peter Regin.
3:11 of 2nd period - Deflect By John McFarland.
3:11 of 2nd period - Stopped by Chad Johnson with a rebound.
4:15 of 2nd period - Peter Regin is hit by Ben Sexton and loses puck.
4:51 of 2nd period - Icing by Peter Regin.
4:52 of 2nd period - Wade Megan wins face-off versus Peter Regin in Griffins zone.
5:56 of 2nd period - Mike Angelidis is hit by Brad Winchester and loses puck.
6:19 of 2nd period - Jared Staal is hit by Oliver Lauridsen and loses puck.
8:38 of 2nd period - John McFarland is hit by Frazer McLaren and loses puck.
8:59 of 2nd period - Slapshot by Brian Lashoff.
8:59 of 2nd period - Shot Blocked by John McFarland.
9:01 of 2nd period - Slapshot by Jyrki Jokipakka.
9:01 of 2nd period - Stopped by Peter Budaj with a rebound.
9:03 of 2nd period - Backhand shot by Patrick Mullen.
9:03 of 2nd period - Shot Blocked by Taylor Aronson.
9:05 of 2nd period - Snap shot by Michael Pelech.
9:05 of 2nd period - Shot Blocked by John McFarland.
9:29 of 2nd period - John McFarland is hit by Michael Pelech and loses puck.
9:37 of 2nd period - Icing by Robert Hagg.
9:38 of 2nd period - Jay Rosehill wins face-off versus Wade Megan in Griffins zone.
9:43 of 2nd period - Andrew Desjardins is hit by Jay Rosehill and loses puck.
9:53 of 2nd period - Snap shot by Andrew Desjardins.
9:53 of 2nd period - Deflect By Allan McPherson.
9:53 of 2nd period - Shot Blocked by Robert Hagg.
9:53 of 2nd period - Puck is out of play.
9:54 of 2nd period - T.J. Hensick wins face-off versus Wade Megan in Griffins zone.
12:25 of 2nd period - Michael Pelech is hit by Mark Alt and loses puck.
12:56 of 2nd period - Jared Staal is hit by Brad Winchester and loses puck.
14:35 of 2nd period - Mike Keenan is hit by Michael Pelech and loses puck.
15:02 of 2nd period - Snap shot by Peter Regin.
15:02 of 2nd period - Stopped by Chad Johnson with a rebound.
15:04 of 2nd period - Slapshot by Robert Hagg.
15:04 of 2nd period - Shot Misses the Net.
15:06 of 2nd period - Backhand shot by Taylor Aronson.
15:06 of 2nd period - Shot Blocked by Cameron Schilling.
15:46 of 2nd period - Dylan Reese is hit by Ben Sexton and loses puck.
15:53 of 2nd period - Snap shot by Brad Winchester.
15:53 of 2nd period - Shot Misses the Net.
15:55 of 2nd period - Slapshot by Patrick Mullen.
15:55 of 2nd period - Deflect By Michael Pelech.
15:55 of 2nd period - Shot Blocked by Dylan Reese.
15:55 of 2nd period - Puck is out of play.
15:56 of 2nd period - Peter Regin wins face-off versus Ben Sexton in Griffins zone.
16:35 of 2nd period - Brian Lashoff is hit by Peter Regin and loses puck.
16:55 of 2nd period - Robert Hagg is hit by Fredrik Claesson and loses puck.
17:00 of 2nd period - Snap shot by Pierre-Cedric Labrie.
17:00 of 2nd period - Shot Misses the Net.
17:11 of 2nd period - Icing by Robert Hagg.
17:12 of 2nd period - T.J. Hensick wins face-off versus Wade Megan in Griffins zone.
18:00 of 2nd period - Zac Rinaldo is hit by Brad Winchester and loses puck.
18:12 of 2nd period - Slapshot by Nikita Nesterov.
18:12 of 2nd period - Shot Blocked by Zac Rinaldo.
18:50 of 2nd period - Mark Mancari is hit by Michael Pelech and loses puck.
19:04 of 2nd period - Icing by Mike Keenan.
19:05 of 2nd period - Mike Blunden wins face-off versus William Nylander in Griffins zone.
19:16 of 2nd period - Slapshot by Andrew Desjardins.
19:16 of 2nd period - Shot Misses the Net.
19:18 of 2nd period - Slapshot by Brian Lashoff.
19:18 of 2nd period - Shot Misses the Net.
19:20 of 2nd period - Slapshot by Jyrki Jokipakka.
19:20 of 2nd period - Stopped by Peter Budaj without a rebound.
19:21 of 2nd period - Jared Staal wins face-off versus Allan McPherson in Griffins zone.
19:56 of 2nd period - Peter Regin is hit by Brad Winchester and loses puck.
Goals for this period are 0 for Admirals NSH vs 0 for Griffins.
Shots for this period are 2 for Admirals NSH vs 2 for Griffins.

3rd period


0:01 of 3rd period - Andrew Desjardins wins face-off versus Peter Regin in neutral zone.
0:10 of 3rd period - Matt Taormina is hit by Michael Pelech and loses puck.
0:35 of 3rd period - Wrist shot by Mike Blunden.
0:35 of 3rd period - Stopped by Peter Budaj with a rebound.
0:57 of 3rd period - Fredrik Claesson is hit by Mark Alt and loses puck.
1:53 of 3rd period - Jared Staal and Pierre-Cedric Labrie fight to a draw.
1:53 of 3rd period - Penalty to Jared Staal for Fighting.
1:53 of 3rd period - Penalty to Pierre-Cedric Labrie for Fighting.
1:53 of 3rd period - Penalty to Pierre-Cedric Labrie for instigated a fight.
1:53 of 3rd period - Penalty to Pierre-Cedric Labrie for instigated a fight.
1:54 of 3rd period - Andrew Desjardins wins face-off versus T.J. Hensick in Admirals NSH zone.
2:07 of 3rd period - Snap shot by Andrew Desjardins.
2:07 of 3rd period - Shot Blocked by Mark Alt.
2:09 of 3rd period - Slapshot by Jyrki Jokipakka.
2:09 of 3rd period - Shot Blocked by Matt Taormina.
2:11 of 3rd period - Slapshot by Brian Lashoff.
2:11 of 3rd period - Shot Misses the Net.
2:13 of 3rd period - Slapshot by Jyrki Jokipakka.
2:13 of 3rd period - Admirals NSH goal is going for a video replay.
2:13 of 3rd period - The goal is refused. The puck has been directed, batted or thrown into the net by an attacking player other than with a stick..
2:14 of 3rd period - Andrew Desjardins wins face-off versus T.J. Hensick in Griffins zone.
2:23 of 3rd period - Snap shot by T.J. Hensick.
2:23 of 3rd period - Stopped by Chad Johnson with a rebound.
2:53 of 3rd period - Slapshot by Brian Lashoff.
2:53 of 3rd period - Shot Misses the Net.
2:59 of 3rd period - Wrist shot by Brody Sutter.
2:59 of 3rd period - Shot Misses the Net.
3:53 of 3rd period - Penalty to Pierre-Cedric Labrie is over, Andrew Desjardins is send on ice.
4:07 of 3rd period - Peter Regin is hit by Andrew Desjardins.
4:13 of 3rd period - Snap shot by Wade Megan.
4:13 of 3rd period - Shot Misses the Net.
4:15 of 3rd period - Minor Penalty to Scott Valentine for Hooking.
4:16 of 3rd period - Mark Mancari wins face-off versus Brody Sutter in Griffins zone.
4:31 of 3rd period - Snap shot by Wade Megan.
4:31 of 3rd period - Shot Misses the Net.
4:33 of 3rd period - Snap shot by Nikita Nesterov.
4:33 of 3rd period - Shot Blocked by Taylor Aronson.
4:35 of 3rd period - Wrist shot by Fredrik Claesson.
4:35 of 3rd period - Shot Hit the Post.
4:51 of 3rd period - Snap shot by Nikita Nesterov.
4:51 of 3rd period - Shot Blocked by Robert Hagg.
4:53 of 3rd period - Slapshot by Nikita Nesterov.
4:53 of 3rd period - Shot Misses the Net.
4:55 of 3rd period - Wrist shot by Fredrik Claesson.
4:55 of 3rd period - Shot Misses the Net.
5:36 of 3rd period - Taylor Aronson is hit by Michael Pelech and loses puck.
6:02 of 3rd period - Matt Taormina is hit by Wade Megan and loses puck.
6:15 of 3rd period - Penalty to Scott Valentine is over, Scott Valentine is back on ice.
6:18 of 3rd period - Scott Valentine is hit by Nikita Nesterov and loses puck.
8:42 of 3rd period - Slapshot by Jyrki Jokipakka.
8:42 of 3rd period - Stopped by Peter Budaj with a rebound.
8:44 of 3rd period - Wrist shot by Frazer McLaren.
8:44 of 3rd period - Stopped by Peter Budaj with a rebound.
8:56 of 3rd period - Wrist shot by Nikita Nesterov.
8:56 of 3rd period - Shot Blocked by Mike Keenan.
8:58 of 3rd period - Snap shot by Frazer McLaren.
8:58 of 3rd period - Stopped by Peter Budaj without a rebound.
8:59 of 3rd period - T.J. Hensick wins face-off versus Ben Sexton in Griffins zone.
9:04 of 3rd period - Wrist shot by Mike Angelidis.
9:04 of 3rd period - Shot Misses the Net.
9:09 of 3rd period - Off-side.
9:10 of 3rd period - Michael Pelech wins face-off versus T.J. Hensick in neutral zone.
9:18 of 3rd period - Off-side.
9:19 of 3rd period - T.J. Hensick wins face-off versus Andrew Desjardins in neutral zone.
9:29 of 3rd period - Andrew Desjardins is hit by Mike Angelidis and loses puck.
9:44 of 3rd period - Wrist shot by T.J. Hensick.
9:44 of 3rd period - Stopped by Chad Johnson with a rebound.
10:13 of 3rd period - Peter Regin is hit by Patrick Mullen.
10:39 of 3rd period - Mark Mancari is hit by Frazer McLaren and loses puck.
11:11 of 3rd period - Off-side.
11:12 of 3rd period - Peter Regin wins face-off versus Ben Sexton in neutral zone.
11:52 of 3rd period - Brian Lashoff is hit by Zac Rinaldo and loses puck.
12:48 of 3rd period - Wrist shot by Mike Blunden.
12:48 of 3rd period - Deflect By Brad Winchester.
12:48 of 3rd period - Shot Misses the Net.
12:48 of 3rd period - Puck is out of play.
12:49 of 3rd period - T.J. Hensick wins face-off versus Ben Sexton in Griffins zone.
13:09 of 3rd period - Wrist shot by Zac Rinaldo.
13:09 of 3rd period - Stopped by Chad Johnson with a rebound.
13:11 of 3rd period - Slapshot by Mark Alt.
13:11 of 3rd period - Shot Misses the Net.
13:13 of 3rd period - Snap shot by John McFarland.
13:13 of 3rd period - Stopped by Chad Johnson with a rebound.
13:37 of 3rd period - Andrew Desjardins is hit by Mike Angelidis and loses puck.
13:58 of 3rd period - Wade Megan is hit by Mike Angelidis and loses puck.
14:16 of 3rd period - Frazer McLaren is hit by Peter Regin and loses puck.
14:23 of 3rd period - Michael Pelech is hit by Taylor Aronson and loses puck.
14:34 of 3rd period - Jyrki Jokipakka is hit by Mark Alt and loses puck.
15:09 of 3rd period - Oliver Lauridsen is hit by Jared Staal and loses puck.
15:27 of 3rd period - Andrew Desjardins is hit by Matt Taormina and loses puck.
15:48 of 3rd period - Wade Megan is hit by Corey Trivino.
15:58 of 3rd period - Wrist shot by Brad Winchester.
15:58 of 3rd period - Stopped by Peter Budaj with a rebound.
16:08 of 3rd period - Wrist shot by Mike Blunden.
16:08 of 3rd period - Shot Blocked by Mike Keenan.
16:20 of 3rd period - Snap shot by Michael Pelech.
16:20 of 3rd period - Shot Misses the Net.
16:53 of 3rd period - 10 Minutes Misconduct Penalty to Pierre-Cedric Labrie is over.
17:20 of 3rd period - Mark Mancari is hit by Nikita Nesterov and loses puck.
17:49 of 3rd period - Slapshot by Jyrki Jokipakka.
17:49 of 3rd period - Shot Misses the Net.
17:51 of 3rd period - Slapshot by Jyrki Jokipakka.
17:51 of 3rd period - Stopped by Peter Budaj without a rebound.
17:52 of 3rd period - Adam Payerl wins face-off versus Wade Megan in Griffins zone.
18:17 of 3rd period - Mike Keenan is hit by Pierre-Cedric Labrie and loses puck.
18:30 of 3rd period - Mike Blunden is hit by Mike Angelidis and loses puck.
18:41 of 3rd period - Matt Taormina is hit by Andrew Desjardins and loses puck.
18:54 of 3rd period - Slapshot by Brad Winchester.
18:54 of 3rd period - Shot Misses the Net.
18:56 of 3rd period - Snap shot by Pierre-Cedric Labrie.
18:56 of 3rd period - Shot Misses the Net.
18:58 of 3rd period - Slapshot by Patrick Mullen.
18:58 of 3rd period - Shot Blocked by Jay Rosehill.
19:00 of 3rd period - Slapshot by Brody Sutter.
19:00 of 3rd period - Shot Misses the Net.
19:20 of 3rd period - Wrist shot by Michael Pelech.
19:20 of 3rd period - Stopped by Peter Budaj without a rebound.
19:21 of 3rd period - T.J. Hensick wins face-off versus Allan McPherson in Griffins zone.
19:21 of 3rd period - T.J. Hensick is hit by Allan McPherson.
19:49 of 3rd period - Jared Staal is hit by Brad Winchester and loses puck.
Goals for this period are 0 for Admirals NSH vs 0 for Griffins.
Shots for this period are 8 for Admirals NSH vs 4 for Griffins.

Overtime #1


0:01 of 1st overtime period - John McFarland wins face-off versus Andrew Desjardins in neutral zone.
0:06 of 1st overtime period - Wrist shot by John McFarland.
0:06 of 1st overtime period - Stopped by Chad Johnson with a rebound.
0:19 of 1st overtime period - Snap shot by Zac Rinaldo.
0:19 of 1st overtime period - Shot Misses the Net.
0:57 of 1st overtime period - Pierre-Cedric Labrie is hit by John McFarland and loses puck.
1:23 of 1st overtime period - Backhand shot by John McFarland.
1:23 of 1st overtime period - Shot Misses the Net.
1:25 of 1st overtime period - Slapshot by Taylor Aronson.
1:25 of 1st overtime period - Deflect By John McFarland.
1:25 of 1st overtime period - Stopped by Chad Johnson with a rebound.
1:27 of 1st overtime period - Wrist shot by Zac Rinaldo.
1:27 of 1st overtime period - Shot Blocked by Nikita Nesterov.
1:47 of 1st overtime period - Slapshot by Taylor Aronson.
1:47 of 1st overtime period - Stopped by Chad Johnson with a rebound.
2:03 of 1st overtime period - Minor Penalty to Jay Rosehill for Tripping.
2:04 of 1st overtime period - Peter Regin wins face-off versus Brody Sutter in Griffins zone.
2:56 of 1st overtime period - Jyrki Jokipakka is hit by Mark Alt and loses puck.
3:03 of 1st overtime period - Snap shot by Brian Lashoff.
3:03 of 1st overtime period - Shot Blocked by Peter Regin.
3:05 of 1st overtime period - Snap shot by Brody Sutter.
3:05 of 1st overtime period - Shot Blocked by Peter Regin.
3:07 of 1st overtime period - Slapshot by Fredrik Claesson.
3:07 of 1st overtime period - Shot Blocked by Peter Regin.
3:25 of 1st overtime period - Matt Taormina is hit by Mike Blunden and loses puck.
4:03 of 1st overtime period - Penalty to Jay Rosehill is over, Jay Rosehill is back on ice.
Goals for this period are 0 for Admirals NSH vs 0 for Griffins.
Shots for this period are 0 for Admirals NSH vs 3 for Griffins.

ShootOut


5:00 of 1st overtime period - Penalty Shot by Andrew Desjardins for Admirals NSH.
5:00 of 1st overtime period - Snap shot by Andrew Desjardins.
5:00 of 1st overtime period - Stopped by Peter Budaj.
5:00 of 1st overtime period - Penalty Shot by William Nylander for Griffins.
5:00 of 1st overtime period - Wrist shot by William Nylander.
5:00 of 1st overtime period - Shot Misses the Net.
5:00 of 1st overtime period - Penalty Shot by Mike Blunden for Admirals NSH.
5:00 of 1st overtime period - Backhand shot by Mike Blunden.
5:00 of 1st overtime period - Stopped by Peter Budaj.
5:00 of 1st overtime period - Penalty Shot by Zac Rinaldo for Griffins.
5:00 of 1st overtime period - Deke by Zac Rinaldo.
5:00 of 1st overtime period - Shot Misses the Net.
5:00 of 1st overtime period - Penalty Shot by Brody Sutter for Admirals NSH.
5:00 of 1st overtime period - Wrist shot by Brody Sutter.
5:00 of 1st overtime period - Goal by Brody Sutter.
5:00 of 1st overtime period - Penalty Shot by Peter Regin for Griffins.
5:00 of 1st overtime period - Snap shot by Peter Regin.
5:00 of 1st overtime period - Stopped by Chad Johnson.